 Dungeon Crawl Stone Soup version 0.31-a0-133-gaae73658be (webtiles) character file.

Game seed: 15192054516856334823

212 IdlyInterested the Trooper (level 5, -5/43 HPs)
             Began as a Demonspawn Wanderer on June 2, 2023.
             Slain by Menkaure (19 damage)
             ... on level 4 of the Dungeon.
             The game lasted 00:07:15 (3039 turns).

IdlyInterested the Trooper (Demonspawn Wanderer)    Turns: 3039, Time: 00:07:15

Health: -5/43      AC: 11    Str: 13    XL:     5   Next: 58%
Magic:  5/5        EV:  7    Int: 11    God:
Gold:   253        SH:  0    Dex: 16    Spells: 4/4 levels left

rFire   . . .        a - +3 dagger (venom)
rCold   . . .        (no shield)
rNeg    . . .        e - +0 chain mail
rPois   .            m - +1 helmet
rElec   .            (no cloak)
rCorr   +            (no gloves)
SInv    .            (no boots)
Will    .....        (no amulet) Stlth
                     r - ring of resist corrosion
HPRegen 0.27/turn    (no ring)
MPRegen 0.09/turn

%: no passive effects
@: no status effects
A: foul stench 1, weakness stinger 2
a: no special abilities


You were on level 4 of the Dungeon.
You visited 1 branch of the dungeon, and saw 4 of its levels.

You collected 253 gold pieces.

Inventory:

Hand Weapons
 a - a +3 dagger of venom (weapon)
 s - a +0 trident
Missiles
 b - a curare-tipped dart
 c - 13 poisoned darts
 g - 24 stones (quivered)
Armour
 e - a +0 chain mail (worn)
 m - a +1 helmet (worn)
Jewellery
 f - a ring of ice
 k - an amulet of faith
 r - a ring of resist corrosion (left hand)
Wands
 t - a wand of paralysis (8)
 z - a wand of mindburst (13)
Scrolls
 d - 2 scrolls of fear
 j - 2 scrolls of identify
 l - a scroll of poison
 n - 2 scrolls of teleportation
 u - 2 scrolls of blinking
Potions
 h - a potion of mutation {unknown}
 i - a potion of haste
 o - a potion of curing
 p - 4 potions of attraction
 q - a potion of brilliance {unknown}


   Skills:
 * Level 4.6 Fighting
 - Level 4.0 Throwing
 + Level 3.9 Armour
 - Level 1.0 Dodging
 - Level 1.0 Stealth
 - Level 1.0 Evocations


You had 4 spell levels left.
You didn't know any spells.
Your spell library contained the following spells:

 Spells                   Type           Power      Damage    Failure   Level
 Apportation              Tloc           0%         N/A       99%         1
 Magic Dart               Conj           0%         1d3       99%         1
 Necrotise                Necr           0%         1d4       99%         1
 Summon Small Mammal      Summ           0%         N/A       99%         1
 Call Imp                 Summ           0%         N/A       100%        2
 Cigotuvi's Dreadful Rot  Necr/Pois/Air  0%         N/A       100%        2
 Ignite Poison            Fire/Tmut/Pois 0%         N/A       100%        3
 Mephitic Cloud           Conj/Pois/Air  0%         N/A       100%        3
 Vampiric Draining        Necr           0%         2d6       100%        3
 Agony                    Necr           0%         N/A       100%        5
 Freezing Cloud           Conj/Ice/Air   0%         6-21      100%        5


Dungeon Overview and Level Annotations

Branches:
Dungeon (4/15)             Temple (0/1) D:4

Altars:

Shops:
D:2 (

Annotations:
D:4 2 transporters, Menkaure; pigah's ghost, amateur OpWn


Innate Abilities, Weirdness & Mutations

You may rarely emit foul miasma when damaged in melee.
You have a tail ending in a sharp stinger.


Message History

You hit the orc.
The orc is heavily wounded.
The orc closely misses you.
You hit the orc.
The orc is poisoned.
You tail-slap the orc.
You kill the orc!
You hit the orc priest.
The orc priest is poisoned.
The orc priest is lightly wounded.
The orc priest hits you with a +0 club.
You barely miss the orc priest. Your punch misses the orc priest.
The orc priest is lightly wounded.
The orc priest begins to cast a cantrip, but forgets the words!
You barely miss the orc priest.
The orc priest is lightly wounded.
The orc priest hits you but does no damage.
You hit the orc priest. You tail-slap the orc priest.
You punch the orc priest, but do no damage.
The orc priest is severely wounded.
The orc priest hits you but does no damage.
You closely miss the orc priest.
The orc priest is severely wounded.
The orc priest barely misses you.
You hit the orc priest.
You kill the orc priest!
You hit the orc.
The orc is poisoned.
Your tail-slap misses the orc.
The orc is moderately wounded.
The orc hits you with a +0 club.
You hit the orc.
The orc looks as sick as possible!
The orc is almost dead.
You kill the orc!
j - 2 scrolls of identify (gained 1)
You now have 253 gold pieces (gained 13).
Items here: ))) [ †.
Okay, then.
Menkaure, Prince of Dust comes into view.
Menkaure calls on the powers of darkness!
Your body is wracked with pain!
Menkaure calls on the powers of darkness!
Your body is wracked with pain!
You barely miss Menkaure. Menkaure hits you!!
You die...

~* *≈.≈* #≈.≈#
#≈.#*######.......
~***≈.≈###≈.≈###≈.#
########
~~~~≈.≈≈≈≈≈.≈≈≈≈≈.#
,,,,..............#
,,,,...######.....#
,,,,..** #..####
,,,,.,* ##.#
,,,,,,* #.####
,,,,,,* ##.@M#
,,,,,,* #.#.#*
****** ,,,,,,*
#≈≈.P♣**,,~~*
,,,,,**
#≈~P..P,,,~~*
,,,***
#.P.♣♣.♣*,,,* ****
#P.♣♣,..♣*,,* *
#♣.♣,,,.P♣,**
♣P.,,_..,,* ***
#♣.♣,,,.,*,**


You could see Menkaure.

Vanquished Creatures
  Blork the orc (D:4)
  An orc priest (D:4)
  A hound (D:4)
  2 adders
  A shadow imp (D:4)
  3 worms
  2 dart slugs
  4 orcs (D:4)
  2 ball pythons
  6 endoplasms
  2 giant cockroaches
  3 goblins
  4 hobgoblins
  3 kobolds
  A quokka (D:2)
  6 bats
  2 frilled lizards
  6 rats
50 creatures vanquished.

Notes
Turn   | Place    | Note
-------+----------+-------------------------------------------
     0 | D:1      | IdlyInterested the Demonspawn Wanderer began the quest for
                  | the Orb.
     0 | D:1      | IdlyInterested set off with the following items: a +3
                  | dagger, 2 curare-tipped darts, a +0 ring mail, a scroll of
                  | fear.
     0 | D:1      | Reached XP level 1. HP: 15/15 MP: 1/1
   288 | D:1      | Gained mutation: You have a small tail. [demonic ancestry]
   288 | D:1      | Reached XP level 2. HP: 22/22 MP: 2/2
   823 | D:2      | Reached skill level 1 in Dodging
  1605 | D:2      | Found Poehucw's Antique Weapon Boutique.
  2017 | D:3      | Gained mutation: You may rarely emit foul miasma when
                  | damaged in melee. [demonic ancestry]
  2017 | D:3      | Reached XP level 3. HP: 10/28 MP: 3/3
  2318 | D:3      | Reached skill level 1 in Stealth
  2492 | D:4      | Noticed Blork the orc
  2509 | D:4      | Killed Blork the orc
  2510 | D:4      | Reached XP level 4. HP: 23/37 MP: 4/4
  2528 | D:4      | Gained mutation: You have a tail ending in a sharp stinger.
                  | [demonic ancestry]
  2528 | D:4      | Reached XP level 5. HP: 27/42 MP: 5/5
  2743 | D:4      | Noticed pigah's ghost (amateur OpWn)
  2799 | D:4      | Found a transporter.
  2801 | D:4      | Noticed a black bear
  2829 | D:4      | Found a transporter.
  3036 | D:4      | Noticed Menkaure
  3039 | D:4      | Slain by Menkaure

Illustrated notes

Levels and vault maps discovered:
D:1:      dpeg_arrival_ternary, layout_basic
D:2:      layout_basic, serial_shops, shop, minmay_misc_feat_x,
          chequers_serial_rivers_micro_e, grunt_ministairs_5
D:3:      layout_rooms
D:4:      layout_cave_pods, mainiacjoe_overflow_big_doors,
          nicolae_elyvilon_peaceful_grove, minmay_temple_entry_wispy,
          gammafunk_ghost_arena, kennysheep_boxes, uniq_menkaure,
          uniq_blork_the_orc, uniq_sigmund, uniq_edmund, uniq_eustachio

Skill      XL: |  1  2  3  4 |
---------------+-------------+-----
Fighting       | 2 3 4 |  4.6
Dodging        | 1 |  1.0
Stealth        | 1 |  1.0
Throwing       | 4 |  4.0
Armour         | |  3.9
Evocations     | |  1.0

Action                     |  1- 3 |  4- 6 || total
---------------------------+-------+-------++-------
  Melee: Dagger            |    93 |    44 ||   137
         Tailslap          |    12 |    11 ||    23
         Punch             |       |     1 ||     1
  Throw: Stone             |     5 |    10 ||    15
         Dart              |     1 |       ||     1
    Use: Scroll            |     7 |     3 ||    10
         Potion            |     1 |     2 ||     3
 Armour: Ring mail         |    13 |       ||    13
         Scale mail        |     8 |       ||     8
         Chain mail        |    18 |    18 ||    36
  Dodge: Dodged            |    26 |     9 ||    35

Table legend: (Time is in decaauts)
 A = Elapsed time spent in this place.
 B = Non-inter-level travel time spent in this place.
 C = Inter-level travel time spent in this place.
 D = Time resting spent in this place.
 E = Time spent auto-exploring this place.
 F = Levels seen in this place.
 G = Mean time per level.
                   A        B        C        D        E       F      G
               +--------+--------+--------+--------+--------+-----+--------+
         Total |   3025 |   2768 |    257 |    227 |   1828 |   4 |  756.2 |
       Dungeon |   3025 |   2768 |    257 |    227 |   1828 |   4 |  756.2 |
               +--------+--------+--------+--------+--------+-----+--------+

Top non-repeatable levels by time:
     D:2: 1237 daAuts
     D:1: 835 daAuts
     D:4: 491 daAuts
     D:3: 461 daAuts
